 Dungeon Crawl Stone Soup version 0.30.1-9-gdf580d7c3d (webtiles) character file.

Game seed: 10798811900027379635

4841 Peloso the Carver (level 10, 0/90 HPs)
             Began as a Minotaur Fighter on Oct 3, 2023.
             Was an Elder of Okawaru.
             Killed from afar by a catoblepas (4 damage)
             ... with a blast of calcifying dust
             ... while petrified by a catoblepas
             ... in a Gauntlet.
             The game lasted 00:14:24 (7035 turns).

Peloso the Carver (Minotaur Fighter)                Turns: 7035, Time: 00:14:25

Health: 0/90       AC: 19    Str: 22    XL:     10   Next: 25%
Magic:  9/9        EV:  2    Int:  5    God:    Okawaru [****..]
Gold:   348        SH:  0    Dex: 13    Spells: 9/9 levels left

rFire   . . .        a - +0 long sword
rCold   . . .        d - +0 buckler
rNeg    + + +        l - +1 plate armour
rPois   ∞            (helmet restricted)
rElec   .            (no cloak)
rCorr   .            y - +0 pair of gloves
SInv    .            c - +2 pair of boots
Will    .....        (no amulet) Stlth
                     (no ring)
HPRegen 0.35/turn    (no ring)
MPRegen 0.11/turn

%: no teleportation
@: petrified
A: horns 2, retaliatory headbutt
a: Renounce Religion, Heroism, Finesse


You were in a Gauntlet.
You worshipped Okawaru.
Okawaru was greatly pleased with you.
You visited 2 branches of the dungeon, and saw 10 of its levels.
You also visited: Gauntlet.

You collected 348 gold pieces.

Inventory:

Hand Weapons
 a - a +0 long sword (weapon)
Missiles
 H - a throwing net (quivered)
Armour
 b - a +0 scale mail
 c - a +2 pair of boots (worn)
 d - a +0 buckler (worn)
 l - a +1 plate armour (worn)
 y - a +0 pair of gloves (worn)
Jewellery
 p - a ring of fire
 C - a +6 ring of intelligence
Wands
 t - a wand of flame (50)
Scrolls
 e - 7 scrolls of teleportation
 g - 2 scrolls of fog
 m - 4 scrolls of enchant armour
 o - 2 scrolls of immolation
 u - a scroll of acquirement
 v - 2 scrolls of torment {unknown}
 A - a scroll of amnesia
 B - a scroll of vulnerability {unknown}
 E - a scroll of poison {unknown}
 G - a scroll of silence {unknown}
Potions
 h - a potion of mutation
 i - 2 potions of haste
 j - a potion of might
 k - 3 potions of heal wounds
 n - a potion of berserk rage
 q - a potion of resistance {unknown}
 r - 3 potions of lignification
 s - 3 potions of curing
 w - 3 potions of flight
 z - a potion of degeneration {unknown}
 D - 2 potions of brilliance
 F - a potion of magic {unknown}


   Skills:
 + Level 8.5 Fighting
 + Level 12.4 Long Blades
 + Level 8.7 Armour
 + Level 1.5 Dodging
 + Level 0.8 Stealth
 + Level 7.6 Shields
 + Level 1.0 Invocations


You had 9 spell levels left.
You didn't know any spells.
Your spell library contained the following spells:

 Spells                   Type           Power      Damage    Failure   Level
 Shock                    Conj/Air       0%         1d3       100%        1
 Blink                    Tloc           0%         N/A       100%        2
 Scorch                   Fire           0%         2d5       100%        2
 Ignite Poison            Fire/Tmut/Pois 0%         N/A       100%        3
 Swiftness                Air            0%         N/A       100%        3
 Airstrike                Air            0%         2d(0-16)  100%        4
 Flame Wave               Conj/Fire      0%         2d4       100%        4
 Manifold Assault         Tloc           0%         N/A       100%        4
 Sticky Flame             Conj/Fire      0%         2d3       100%        4
 Storm Form               Tmut/Air       0%         N/A       100%        7
 Ignition                 Fire           0%         3d3       100%        8
 Summon Cactus Giant      Summ           Unusable   N/A       N/A         6

Dungeon Overview and Level Annotations

Branches:
Dungeon (11/15)            Temple (1/1) D:5         Gauntlet (1/1)
   Lair: D:8-11         Orc: D:9-12

Altars:
Ashenzari
Cheibriados
Dithmenos
Elyvilon
Fedhas
Hepliaklqana
Kikubaaqudgha
Makhleb
Nemelex Xobeh
Okawaru
Qazlal
Ru
Sif Muna
Trog
Wu Jian
Xom
Yredelemnul
Zin

Shops:
D:8 [

Annotations:
D:5 Dig, 1 runed translucent door, Atelerd's ghost, amateur OpEE Gauntlet 11 transporters, exclusion: ice statue


Innate Abilities, Weirdness & Mutations

You have a pair of horns on your head.
You reflexively headbutt those who attack you in melee.


Message History

You are engulfed in calcifying dust.
The catoblepas gores you but does no damage.
The gargoyle hits you with a +0 flail!
You turn to flesh and can move again.
You hit the catoblepas.
The catoblepas is severely wounded.
You are engulfed in calcifying dust.
You are slowing down.
You hit the catoblepas but do no damage.
You headbutt the catoblepas!
The catoblepas is almost dead.
You are engulfed in calcifying dust.
Your limbs have turned to stone.
You block the gargoyle's attack.
The catoblepas breathes a plume of calcifying dust at you.
The blast of calcifying dust hits you but does no damage.
The gargoyle hits you but does no damage.
The catoblepas gores you.
You have turned to stone.
The catoblepas gores you!
* * * LOW HITPOINT WARNING * * *
The gargoyle hurls a stone arrow at you.
The stone arrow misses you.
The catoblepas breathes a plume of calcifying dust at you.
The blast of calcifying dust hits you!
* * * LOW HITPOINT WARNING * * *
The gargoyle hits you but does no damage.
You are engulfed in calcifying dust.
The gargoyle hurls a stone arrow at you.
The stone arrow hits you but does no damage.
The catoblepas gores you!
* * * LOW HITPOINT WARNING * * *
You are engulfed in calcifying dust.
The catoblepas breathes a plume of calcifying dust at you.
The blast of calcifying dust hits you!
* * * LOW HITPOINT WARNING * * *
The gargoyle hits you with a +0 flail!
* * * LOW HITPOINT WARNING * * *
You are engulfed in calcifying dust.
The catoblepas breathes a plume of calcifying dust at you.
The blast of calcifying dust hits you!
You die...

### ### ### ### ### ##
##≈###≈###≈###≈###≈###≈##
#≈≈≈#≈≈≈#≈≈≈#≈≈≈#≈≈≈#≈≈≈#
......................≈#
#########...#########.##
##.#.#Z##.⌠.#.##@Y..#.≈##
#.#.#Z#Z#...#=!##9.##.≈≈#
##"#©#Z######...#.###.≈##
#©#.#.#Z#©.©#©##Y##.#©##
##)#.#.##.⌠.###.#...#..##
#.#.#.#.#...##..##..#...##
##.#.#.##.⌠.#....##.#.∩.≈##
#########...#########...≈≈##
#.........⌠.#...§.....⌠.≈≈≈#


You could see a catoblepas and a gargoyle.

Vanquished Creatures
  Gastronok (D:8)
  A two-headed ogre (D:11)
  Grinder (D:6)
  Prince Ribbit (D:5)
  3 slime creatures (D:6)
  A wraith (D:11)
  A shadow (D:11)
  A steam dragon (D:7)
  Edmund (D:6)
  2 water moccasins
  A black bear (D:6)
  A centaur (D:8)
  A phantom (D:5)
  2 kobold brigands (D:6)
  A bullfrog (D:7)
  A gnoll sergeant (D:7)
  2 scorpions
  4 wights (D:7)
  A howler monkey (D:6)
  4 jellies (D:6)
  5 hounds
  An orc priest (D:3)
  2 iguanas
  Ijyb (D:5)
  2 orc wizards
  A sleepcap (D:5)
  11 gnolls
  7 adders
  2 white imps
  A worm (D:3)
  2 dart slugs (D:2)
  17 orcs
  15 bats
  10 endoplasms
  4 giant cockroaches
  6 goblins
  6 hobgoblins
  2 jackals (D:5)
  12 kobolds
  2 quokkas (D:1)
  6 ball pythons
  3 frilled lizards (D:3)
  7 rats
156 creatures vanquished.

Notes
Turn   | Place    | Note
-------+----------+-------------------------------------------
     0 | D:1      | Peloso the Minotaur Fighter began the quest for the Orb.
     0 | D:1      | Reached XP level 1. HP: 19/19 MP: 0/0
   129 | D:1      | Reached XP level 2. HP: 27/27 MP: 1/1
   356 | D:1      | Found a faded altar of an unknown god.
   496 | D:1      | Reached XP level 3. HP: 33/33 MP: 2/2
  1241 | D:2      | Reached skill level 3 in Long Blades
  1267 | D:2      | Identified the +4 robe of Gaank {rCorr MP-9 Int+4}
  1762 | D:3      | Reached XP level 4. HP: 38/40 MP: 3/3
  1821 | D:3      | Reached skill level 4 in Long Blades
  1833 | D:3      | HP: 2/41 [poisoned by an orc wizard]
  2013 | D:3      | Reached XP level 5. HP: 47/47 MP: 4/4
  2543 | D:4      | Reached skill level 5 in Long Blades
  2705 | D:4      | Reached skill level 5 in Armour
  2820 | D:4      | Reached XP level 6. HP: 53/53 MP: 5/5
  3068 | D:4      | Found an ornate altar of the Wu Jian Council.
  3204 | D:5      | Entered Level 5 of the Dungeon
  3204 | D:5      | Noticed Ijyb
  3218 | D:5      | Killed Ijyb
  3284 | D:5      | Noticed Prince Ribbit
  3284 | D:5      | Noticed a water moccasin
  3312 | D:5      | Killed a water moccasin
  3313 | D:5      | Reached skill level 6 in Long Blades
  3330 | D:5      | Found a staircase to the Ecumenical Temple.
  3337 | Temple   | Entered the Ecumenical Temple
  3486 | Temple   | Became a worshipper of Warmaster Okawaru
  3631 | D:5      | Reached skill level 5 in Fighting
  3727 | D:5      | Reached XP level 7. HP: 61/61 MP: 6/6
  3741 | D:5      | Found a snail-covered altar of Cheibriados.
  3743 | D:5      | Found an ancient bone altar of Kikubaaqudgha.
  3838 | D:6      | Reached skill level 5 in Shields
  3853 | D:6      | Reached skill level 7 in Long Blades
  4210 | D:6      | Reached * piety under Okawaru
  4444 | D:6      | Noticed a slime creature
  4444 | D:6      | Noticed a slime creature
  4444 | D:6      | Noticed a slime creature
  4578 | D:6      | Killed a slime creature
  4578 | D:6      | Reached ** piety under Okawaru
  4579 | D:6      | Reached skill level 8 in Long Blades
  4579 | D:6      | Reached skill level 1 in Dodging
  4579 | D:6      | Reached XP level 8. HP: 31/70 MP: 7/7
  4751 | D:6      | Killed a slime creature
  4783 | D:6      | Killed a slime creature
  4784 | D:6      | Reached skill level 9 in Long Blades
  4955 | D:6      | Noticed Edmund
  4960 | D:6      | Killed Edmund
  5257 | D:6      | Reached XP level 9. HP: 79/79 MP: 8/8
  5277 | D:6      | Noticed Grinder
  5298 | D:6      | Killed Grinder
  5299 | D:6      | Reached skill level 10 in Long Blades
  5447 | D:7      | Identified the +4 ring mail of the Four Visionaries {Str+5
                  | SInv Stlth+}
  5622 | D:7      | Found a basalt altar of Yredelemnul.
  5638 | D:7      | Found a shimmering altar of Xom.
  6000 | D:5      | Found a sacrificial altar of Ru.
  6108 | D:5      | Killed Prince Ribbit
  6108 | D:5      | Reached *** piety under Okawaru
  6167 | D:5      | Found a runed translucent door.
  6172 | D:5      | Noticed Atelerd's ghost (amateur OpEE)
  6210 | D:5      | Reached skill level 11 in Long Blades
  6328 | D:8      | Noticed Gastronok
  6344 | D:8      | Killed Gastronok
  6344 | D:8      | Reached **** piety under Okawaru
  6345 | D:8      | Reached skill level 12 in Long Blades
  6345 | D:8      | Reached XP level 10. HP: 19/89 MP: 7/9
  6644 | D:8      | Found Ufuisuuh's Armour Emporium.
  6644 | D:8      | You fall into a shaft and drop 3 floors!
  6648 | D:11     | Noticed a two-headed ogre
  6656 | D:11     | Killed a two-headed ogre
  6657 | D:11     | Reached skill level 1 in Invocations
  6763 | D:11     | Found a gate leading to a gauntlet.
  6772 | Gauntlet | Entered a Gauntlet
  6772 | Gauntlet | Noticed a catoblepas
  6772 | Gauntlet | Noticed a gargoyle
  6772 | Gauntlet | Found a transporter.
  6772 | Gauntlet | Found a transporter.
  6784 | Gauntlet | Found a transporter.
  6785 | Gauntlet | Found a transporter.
  6796 | Gauntlet | Found a transporter.
  6796 | Gauntlet | Noticed an ice statue
  6800 | Gauntlet | Found a transporter.
  6802 | Gauntlet | Noticed a thrashing horror
  6822 | Gauntlet | Found a transporter.
  6830 | Gauntlet | Found a transporter.
  6835 | Gauntlet | Found a transporter.
  6854 | Gauntlet | Found a transporter.
  6855 | Gauntlet | Found the amulet of the Four Winds {rN+ Will+++ Clar}
  6867 | Gauntlet | Found a transporter.
  6870 | Gauntlet | Found a transporter.
  6906 | Gauntlet | Identified a scroll of acquirement
  7034 | Gauntlet | HP: 4/90 [gargoyle/+0 flail (4)]
  7035 | Gauntlet | Killed from afar by a catoblepas

Illustrated notes

Levels and vault maps discovered:
D:1:      ebering_hopf_link, layout_basic, nicolae_ecumenical_snake_handling
D:2:      layout_loops_cross, hangedman_decor_push, minmay_pentomino_s2
D:3:      layout_basic
D:4:      layout_basic, nzn_wu_jian_council_hall
D:5:      layout_basic, grunt_temple_overflow_open, minmay_temple_entry_glass,
          ebering_ghost_reflecting_pool, serial_glass, glass_columns_b,
          glass_columns_c, due_unseen_surprise, minivault_27, uniq_ijyb,
          uniq_prince_ribbit1
D:6:      cheibrodos_fertilizer, layout_loops_cross, roderic_batcave,
          glass_columns_a, uniq_grinder, uniq_edmund
D:7:      layout_rooms, kennysheep_mini_moat, mainiacjoe_overflow_alcove_2,
          chequers_garden
D:8:      layout_loops_ring, lemuel_round_altar, serial_shops,
          nicolae_shop_rolling_square, roderic_three_in_a_row,
          hangedman_decor_clover_reticule, chequers_serial_rivers_small_a,
          st_stairs_1, minmay_evil_grid, uniq_erica, uniq_gastronok
D:11:     layout_stronghold, gauntlet_entry_generic
Temple:   nicolae_temple_ecumenical_triangle
Gauntlet: minmay_gauntlet_77_indecision [minmay_gauntlet_arena_77_block_sizes,
          minmay_gauntlet_arena_77_fan, minmay_gauntlet_arena_77_braids,
          minmay_gauntlet_arena_77_checkered,
          minmay_gauntlet_arena_77_two_lines, minmay_gauntlet_arena_77_squiggly,
          gauntlet_exit_green]

Skill      XL: |  1  2  3  4  5  6  7  8  9 10 |
---------------+-------------------------------+-----
Fighting       | 4 5 6 7 8 |  8.5
Shields        | 4 5 6 7 |  7.6
Armour         | 4 5 6 7 8 |  8.7
Long Blades    | 3 4 5 6 8 9 12 | 12.4
Dodging        | 1 |  1.5
Invocations    | 1 |  1.0
Stealth        | |  0.8

Action                     |  1- 3 |  4- 6 |  7- 9 | 10-12 || total
---------------------------+-------+-------+-------+-------++-------
  Melee: Long sword        |    89 |   172 |   271 |    34 ||   566
         Headbutt          |     6 |    28 |    56 |    18 ||   108
 Invoke: Heroism           |       |       |     4 |     2 ||     6
    Use: Scroll            |     5 |     5 |       |     5 ||    15
         Potion            |     2 |     1 |     1 |       ||     4
 Armour: Scale mail        |    29 |       |       |       ||    29
         Plate armour      |    39 |   112 |   144 |    11 ||   306
  Dodge: Dodged            |    35 |    34 |    70 |     6 ||   145
  Block: Buckler           |    22 |    33 |    72 |    11 ||   138
